AoeStats
← DefeatWasCalculated

Coastal Forest

503620563Analyzed
4v4 RM · 1mo ago on Sep 1, 2026· 39m 37s· 8 players
Game mode
Random Map
Map size
Large (8 player)
Population
200
Speed
Normal
Resources
Standard
Victory
Conquest
Starting age
Dark Age
Ending age
Imperial Age
RankedLock teamsTeams togetherTeam positionsShared explorationLock speedFull tech treeHidden civsTurbo modeCheats
Victory
Defeat
🇧🇷 Maya · Brazil
931
+15
🇹🇼 Britons · Taiwan
931
+15
🇵🇭 Khmer · Philippines
924
+16
924
+16
🇹🇷 Tatars · Türkiye
930
-16
🇫🇷 Maya · France
919
-16
🇩🇪 Teutons · Germany
910
-43
🇺🇸 Spanish · United States
904
-15
Pegasus75
6:50 Loom
11:20 Feudal Age
13:57 Wheelbarrow
13:22 Double-Bit Axe
17:20 Town Watch
20:29 Castle Age
22:18 Gold Mining
22:40 Fletching
30:09 Hand Cart
34:12 Imperial Age
32:09 Bodkin Arrow
33:21 Padded Archer Armor
Campain3r
0:27 Loom
2:16 Loom
9:58 Feudal Age
14:14 Double-Bit Axe
15:02 Town Watch
19:40 Castle Age
19:20 Fletching
19:35 Padded Archer Armor
19:26 Fletching
20:26 Horse Collar
23:10 Bow Saw
24:09 Wheelbarrow
23:41 Heavy Plow
24:47 Bloodlines
26:27 Leather Archer Armor
29:53 Hand Cart
32:46 Imperial Age
31:33 Husbandry
34:55 Bodkin Arrow
38:03 Supremacy
voss_philipp
16:13 Feudal Age
17:33 Wheelbarrow
20:30 Stone Mining
22:12 Double-Bit Axe
23:07 Man-at-Arms
29:17 Horse Collar
30:02 Scale Barding Armor
29:59 Gold Mining
34:39 Castle Age
Hayallerde
0:34 Loom
13:18 Feudal Age
14:11 Man-at-Arms
16:36 Town Watch
BearGrellos
0:41 Loom
12:03 Feudal Age
13:02 Fishing Lines
17:06 Castle Age
18:13 Gold Mining
18:13 Town Watch
19:42 Wheelbarrow
19:27 Double-Bit Axe
20:52 Bow Saw
21:17 Medium Warships
21:00 Gillnets
22:05 Hand Cart
22:34 Horse Collar
24:03 Forging
23:54 Scale Mail Armor
24:14 Eagle Warrior
28:43 Elite Skirmisher
29:42 Fletching
30:22 Thumb Ring
31:05 Padded Archer Armor
32:03 Bodkin Arrow
32:18 Hul'che Javelineers
33:03 Heavy Plow
34:07 Leather Archer Armor
35:49 Iron Casting
35:30 Chain Mail Armor
36:41 Squires
37:31 Ballistics
37:23 Masonry
DefeatWasCalculated
8:20 Loom
10:52 Feudal Age
20:44 Double-Bit Axe
20:57 Horse Collar
23:24 Castle Age
21:47 Gold Mining
23:47 Stone Mining
29:23 Imperial Age
29:07 Wheelbarrow
28:25 Fletching
28:37 Padded Archer Armor
29:58 Bow Saw
30:14 Heavy Plow
32:20 Bodkin Arrow
32:46 Leather Archer Armor
33:00 Ballistics
32:49 Elite Skirmisher
34:27 Hand Cart
36:06 Chemistry
37:02 Thumb Ring
37:43 Conscription
37:21 Stirrups
37:31 Bracer
37:32 Scale Mail Armor
37:41 Scale Barding Armor
37:47 Forging
38:56 Chain Barding Armor
Deathray
13:14 Feudal Age
16:11 Castle Age
14:14 Double-Bit Axe
15:37 Wheelbarrow
19:34 Hand Cart
24:01 Bow Saw
3345678
11:40 Feudal Age
13:59 Wheelbarrow
15:32 Castle Age
14:18 Double-Bit Axe
16:34 Bow Saw
18:59 Stone Mining
19:00 Fishing Lines
19:00 Man-at-Arms
19:26 Gambesons
19:38 Gold Mining
20:23 Gillnets
22:45 Long Swordsman
25:42 Wheelbarrow
25:41 Squires
30:34 Yeomen
32:44 Scale Mail Armor
32:54 Forging
32:35 Fletching
32:45 Padded Archer Armor
32:35 Fletching
32:46 Padded Archer Armor
33:23 Horse Collar
40:05 Imperial Age
38:01 Hand Cart
37:32 Loom
37:32 Town Watch
37:32 Loom
Connection lost

Rejoining the realm…

Still unreachable

The connection could not be restored.

Session expired

The server has moved on; the page needs a fresh start.